 Dungeon Crawl Stone Soup version 0.31-a0-977-gc230f8ef24 (webtiles) character file.

Game seed: 2480245673608725405

137 Arcadio the Trooper (level 5, -2/46 HPs)
             Began as a Ghoul Monk on Oct 29, 2023.
             Was an Elder of Fedhas.
             Slain by a bullfrog (4 damage)
             ... in a sewer.
             The game lasted 00:03:10 (1267 turns).

Arcadio the Trooper (Ghoul Monk)                    Turns: 1267, Time: 00:03:11

Health: -2/46      AC:  9    Str: 17    XL:     5   Next: 20%
Magic:  4/4        EV:  8    Int:  5    God:    Fedhas [****..]
Gold:   60         SH:  0    Dex: 11    Spells: 4/4 levels left

rFire   . .          .
                       - Unarmed
rCold   + . .        c - orb {light}
rNeg    + + +        i - +0 chain mail
rPois   ∞            (no helmet)
rElec   .            (no cloak)
rCorr   .            (no gloves)
SInv    .            f - +0 pair of boots
Will    .....        (no amulet) Stlth
                     (no ring)
HPRegen 0.00/turn    (no ring)
MPRegen 0.09/turn

%: no passive effects
@: attractive, inhibited regen, glowing, very slow
A: claws 1, cold resistance 1, negative energy resistance 3, inhibited
regeneration, torment resistance 2, devour on kill
a: Renounce Religion, Wall of Briars, Grow Ballistomycete, Overgrow


You were in a sewer.
You worshipped Fedhas.
Fedhas was greatly pleased with you.
You visited 1 branch of the dungeon, and saw 3 of its levels.
You also visited: Sewer.

You collected 60 gold pieces.

Inventory:

Armour
 a - a +0 robe
 c - an orb of light (worn)
 f - a +0 pair of boots (worn)
 i - a +0 chain mail (worn)
Scrolls
 j - a scroll of fear {unknown}
Potions
 d - a potion of attraction
 e - a potion of heal wounds
 h - a potion of magic {unknown}


   Skills:
 + Level 4.2 Fighting
 + Level 1.8 Armour
 + Level 3.4 Dodging
 + Level 4.2 Unarmed Combat


You had 4 spell levels left.
You didn't know any spells.
Your spell library contained the following spells:

 Spells                   Type           Power      Damage    Failure   Level
 Alistair's Intoxication  Tmut/Pois      0%         N/A       100%        5
 Borgnjor's Vile Clutch   Necr/Erth      0%         N/A       100%        5
 Eringya's Noxious Bog    Tmut/Pois      0%         4d6       100%        6


Dungeon Overview and Level Annotations

Branches:
Dungeon (3/15) Zot: 16966   Sewer (1/1) Zot: 5729

Altars:
Fedhas


Innate Abilities, Weirdness & Mutations

You are immune to poison.
You have sharp fingernails.
Your flesh is cold resistant. (rC+)
You are immune to negative energy. (rN+++)
You do not regenerate when monsters are visible.
You are immune to unholy pain and torment.
You thrive by killing the living.


Message History

The bullfrog hits you but does no damage.
Your unstable footing causes you to fumble your attack.
The bullfrog hits you but does no damage.
The bullfrog hits you.
The bullfrog hits you but does no damage.
Your unstable footing causes you to fumble your attack.
The bullfrog hits you but does no damage. x3
You scratch the bullfrog.
The bullfrog is severely wounded.
The bullfrog barely misses you. The bullfrog hits you.
* * * LOW HITPOINT WARNING * * *
You closely miss the bullfrog.
The bullfrog is severely wounded.
The bullfrog hits you but does no damage.
The bullfrog closely misses you. The bullfrog barely misses you.
The bullfrog hits you.
* * * LOW HITPOINT WARNING * * *
It was a potion of attraction.
You feel attractive to monsters. The bullfrog hits you.
* * * LOW HITPOINT WARNING * * *
The bullfrog hits you but does no damage.
It was a potion of heal wounds.
You feel much better.
The bullfrog releases a deep croak.
The bullfrog hits you but does no damage.
The bullfrog hits you. The bullfrog barely misses you. x2
The bullfrog hits you. The bullfrog barely misses you. The bullfrog hits you.
The bullfrog attacks as it pursues you!
The bullfrog hits you but does no damage.
The bullfrog misses you. The bullfrog attacks as it pursues you!
The bullfrog hits you.
* * * LOW HITPOINT WARNING * * *
The bullfrog closely misses you. The bullfrog hits you.
* * * LOW HITPOINT WARNING * * *
The bullfrog hits you.
* * * LOW HITPOINT WARNING * * *
The bullfrog hits you but does no damage. x2
The bullfrog hits you.
You die...
Fedhas appreciates your contribution to the ecosystem.

#.~≈≈~# ###≈≈ #†~≈≈≈#
##≈≈≈≈≈
#~~≈≈≈##≈≈≈~≈≈≈≈≈≈≈≈≈≈
#~~≈≈≈#≈≈~~∩~≈≈≈≈≈≈≈≈≈
#~~≈≈≈≈≈≈≈~..~≈≈.~.≈≈≈
#~~≈~≈≈~≈≈..~.~|$...≈≈
#.~≈~~~≈~≈≈~.~~[!$.≈≈≈
#~~≈~FF≈≈~≈≈.~.~?.≈≈≈≈
#~~≈~@~≈≈≈~~~~~~.≈≈≈≈≈
#~~≈~~~≈≈≈≈~...≈≈≈≈≈≈~
#~~≈~.~≈≈≈≈≈≈≈≈≈≈≈≈≈~≈
#.~≈~.~≈≈≈≈≈~~≈≈≈≈≈≈≈~
#.~≈~~..~~~~≈≈~≈~~....
#.~≈≈~~~~≈≈≈~~≈~~~~~~~
#.~~≈≈≈≈≈≈≈≈≈≈≈≈≈≈≈≈≈≈
#..~~~~~~~†~~~~~~~~~~~
##....................


You could see 2 bullfrogs.

Vanquished Creatures
  3 river rats (D:3)
  5 adders
  A dart slug (D:1)
  3 orcs (D:3)
  5 bats
  An endoplasm (D:1)
  9 giant cockroaches
  4 goblins (D:1)
  A hobgoblin (D:3)
  5 kobolds (D:1)
  2 quokkas
  15 ball pythons
  4 frilled lizards (Sewer)
  3 rats (D:1)
61 creatures vanquished.

Notes
Turn   | Place    | Note
-------+----------+-------------------------------------------
     0 | D:1      | Arcadio the Ghoul Monk began the quest for the Orb.
     0 | D:1      | Reached XP level 1. HP: 19/19 MP: 0/0
    67 | D:1      | Reached XP level 2. HP: 14/26 MP: 1/1
   331 | D:1      | Found a faded altar of an unknown god.
   334 | D:1      | Prayed at the altar of an unknown god.
   334 | D:1      | Became a worshipper of Fedhas Madash
   334 | D:1      | Reached * piety under Fedhas
   334 | D:1      | Reached ** piety under Fedhas
   677 | D:1      | Reached *** piety under Fedhas
   684 | D:1      | Reached XP level 3. HP: 24/31 MP: 2/2
   688 | D:1      | Reached skill level 1 in Armour
   829 | D:2      | You fall into a shaft and drop 1 floor!
   998 | D:3      | Reached XP level 4. HP: 22/40 MP: 3/3
  1024 | D:3      | Found a glowing drain.
  1029 | Sewer    | Entered a sewer
  1158 | Sewer    | Reached XP level 5. HP: 46/46 MP: 4/4
  1192 | Sewer    | Reached **** piety under Fedhas
  1267 | Sewer    | HP: 2/46 [bullfrog (1)]
  1267 | Sewer    | Slain by a bullfrog

Illustrated notes

Levels and vault maps discovered:
D:1:      scummos_arrival_checkerplants, layout_loops_ring,
          chequers_ecumenical_altar_grove
D:2:      wander_river, layout_basic
D:3:      layout_loops_ring, mainiacjoe_overflow_boulevard,
          portal_sewer_entry_e, supply_closet_lemuel, uniq_crazy_yiuf_cottage
Sewer:    sewer_frog_island_01

Skill      XL: |  1  2  3  4 |
---------------+-------------+-----
Dodging        | 3 |  3.4
Armour         | 1 |  1.8
Fighting       | 4 |  4.2
Unarmed Combat | 4 |  4.2

Action                     |  1- 3 |  4- 6 || total
---------------------------+-------+-------++-------
  Melee: Unarmed           |    78 |    90 ||   168
    Use: Potion            |     1 |     2 ||     3
         Scroll            |     1 |       ||     1
 Armour: Robe              |    39 |       ||    39
         Chain mail        |    24 |   125 ||   149
  Dodge: Dodged            |    55 |    51 ||   106

Table legend: (Time is in decaauts)
 A = Elapsed time spent in this place.
 B = Non-inter-level travel time spent in this place.
 C = Inter-level travel time spent in this place.
 D = Time resting spent in this place.
 E = Time spent auto-exploring this place.
 F = Levels seen in this place.
 G = Mean time per level.
                   A        B        C        D        E       F      G
               +--------+--------+--------+--------+--------+-----+--------+
         Total |   1302 |   1293 |      9 |      0 |    770 |   4 |  325.5 |
       Dungeon |   1033 |   1024 |      9 |      0 |    653 |   3 |  344.3 |
         Sewer |    269 |    269 |      0 |      0 |    117 |   1 |  269.0 |
               +--------+--------+--------+--------+--------+-----+--------+

Top non-repeatable levels by time:
     D:1: 761 daAuts
   Sewer: 269 daAuts
     D:3: 199 daAuts
     D:2: 73 daAuts
